 Dungeon Crawl Stone Soup version 0.20.0 (webtiles) character file.

1088 FakerFangirl the Basher (level 8, -3/69 HPs)
             Began as a Grey Draconian Fighter on May 26, 2017.
             Was an Initiate of Cheibriados.
             Slain by a gnoll
             ... wielding a +0 halberd
              (8 damage)
             ... on level 6 of the Dungeon.
             The game lasted 00:05:16 (5012 turns).

FakerFangirl the Basher (Grey Draconian Fighter)    Turns: 5012, Time: 00:05:17

Health: -3/69      AC: 11    Str: 20    XL:     8   Next: 9%
Magic:  8/8        EV: 11    Int: 10    God:    Cheibriados [......]
Gold:   34         SH:  9    Dex: 13    Spells: 7/7 levels left

rFire    . . .     SeeInvis .   Y - +5 flail
rCold    . . .     Gourm    .   b - +0 shield
rNeg     . . .     Faith    .   (armour unavailable)
rPois    .         Spirit   .   (helmet restricted)
rElec    .         Reflect  .   (no cloak)
rCorr    +         Harm     .   (no gloves)
MR       .....                  (no boots)
Stlth    +.........             (no amulet)
Regen    0.3/turn               f - ring of resist corrosion
MPRegen  0.2/turn               q - +1 ring of evasion

@: about to teleport, very slow
A: walk through water, unfitting armour, unbreathing, cold-blooded, AC +11
a: Bend Time, Renounce Religion


You were on level 6 of the Dungeon.
You worshipped Cheibriados.
Cheibriados was noncommittal.
You were hungry.

You visited 2 branches of the dungeon, and saw 7 of its levels.

You collected 252 gold pieces.
You spent 218 gold pieces at shops.


Innate Abilities, Weirdness & Mutations

You can walk through water.
Your dull iron-grey scales are very hard. (AC +11)
You cannot fit into any form of body armour.
You can survive without breathing.
You are cold-blooded and may be slowed by cold attacks.


   Skills:
 - Level 5.4 Fighting
 + Level 8.4 Maces & Flails
 - Level 2.6 Dodging
 - Level 4.0 Shields


You had 7 spell levels left.
You didn't know any spells.

Inventory:

Hand Weapons
 Y - a +5 flail (weapon)
Missiles
 e - 10 tomahawks (quivered)
Armour
 b - a +0 shield (worn)
Jewellery
 f - a ring of resist corrosion (left hand)
 q - a +1 ring of evasion (right hand)
Scrolls
 i - a scroll of identify
 o - 4 scrolls of remove curse
Potions
 c - a potion of might
 n - a potion of mutation
 p - a potion of curing {unknown}
 s - a potion of haste
Comestibles
 d - 3 bread rations
 h - a meat ration
 j - 4 fruits
 r - 3 royal jellies

Dungeon Overview and Level Annotations

Branches:
Dungeon (6/15)             Temple (1/1) D:5

Altars:
Ashenzari
Cheibriados
Dithmenos
Elyvilon
Fedhas
Gozag
Hepliaklqana
Makhleb
Nemelex Xobeh
Okawaru
Qazlal
Ru
Sif Muna
Uskayaw
Vehumet
Xom
Zin
The Shining One

Shops:
D:4 =   D:5 ?(


Message History

The gnoll sergeant is almost dead.
The gnoll sergeant barely misses you.
The gnoll hits you with a flail of protection!
You block the gnoll's attack.
You hit the gnoll sergeant.
The gnoll sergeant is almost dead.
You block the gnoll sergeant's attack. You block the gnoll's attack. x2
You hit the gnoll sergeant but do no damage.
You tail-slap the gnoll sergeant.
The gnoll sergeant is almost dead.
The gnoll sergeant hits you with a trident of protection.
The gnoll closely misses you.
The gnoll hits you from afar with a halberd!
5012 ||| READING scroll of teleportation.
As you read the scroll of teleportation, it crumbles to dust.
You feel strangely unstable.
The gnoll sergeant hits you with a trident of protection.
The gnoll hits you but does no damage.
The gnoll hits you from afar with a halberd!
You die...

##.......#
##..##.##.# .
#......# .# ..
##..#### # #
... #..#####.#
#.
..####......^.#
..
...#.########
#.#.####.#.#
#.?.g@.....#
......#g##.###
..#.. #g##.# ##
.....# .####.#
.. #.# #. <.#
.. ###


You could see a gnoll sergeant and 2 gnolls.

Vanquished Creatures
  Edmund (D:5)
  2 ogres (D:4)
  A centaur (D:5)
  A scorpion (D:5)
  3 howler monkeys
  2 crimson imps (D:5)
  A bullfrog zombie (D:5)
  2 hounds (D:4)
  An orc priest (D:5)
  4 orc wizards (D:5)
  2 worker ants
  A hound skeleton (D:3)
  4 gnolls
  5 adders
  A shadow imp (D:5)
  An ooze (D:5)
  2 adder skeletons (D:4)
  4 worms
  A leopard gecko (D:2)
  7 orcs
  7 giant cockroaches
  7 goblins
  6 hobgoblins
  6 jackals
  2 quokkas (D:3)
  A ball python (D:2)
  6 bats
  6 frilled lizards
  12 kobolds
  6 rats
105 creatures vanquished.

Notes
Turn   | Place    | Note
-------+----------+-------------------------------------------
     0 | D:1      | FakerFangirl the Draconian Fighter began the quest for the Orb.
     0 | D:1      | Reached XP level 1. HP: 19/19 MP: 1/1
     0 | D:1      | 0 ||| counter = 46
   179 | D:1      | Reached XP level 2. HP: 26/26 MP: 2/2
   279 | D:1      | HP: 6/26 [gnoll/club (7)]
   286 | D:1      | Reached skill level 3 in Maces & Flails
   771 | D:1      | 771 ||| READING scroll labeled BYUFAGGYAPAM.
   772 | D:1      | 772 ||| READING scroll labeled KEYXILE LAOZAO.
   773 | D:1      | 773 ||| READING scroll labeled ANLEYBB YREJEU.
   787 | D:2      | 787 ||| STAIRDANCE
   833 | D:2      | Found a deep blue altar of Sif Muna.
   918 | D:2      | Reached XP level 3. HP: 31/31 MP: 3/3
  1036 | D:2      | Reached skill level 4 in Maces & Flails
  1437 | D:2      | Found a shimmering altar of Xom.
  1453 | D:2      | Reached XP level 4. HP: 37/38 MP: 4/4
  1461 | D:2      | Found an iron altar of Okawaru.
  1461 | D:2      | Found a glowing golden altar of the Shining One.
  1465 | D:2      | Found an opulent altar of Gozag.
  1547 | D:2      | 1547 ||| READING 2 scrolls labeled LANUAM REJA.
  1551 | D:2      | 1551 ||| READING scroll labeled RURCHO POLAEN.
  1552 | D:2      | 1552 ||| READING scroll labeled GUENGE OSUTY.
  1553 | D:2      | 1553 ||| READING scroll labeled IGOKIH EL KOJUVE.
  1738 | D:3      | Found a sparkling altar of Nemelex Xobeh.
  1772 | D:3      | 1772 ||| READING scroll of enchant weapon.
  1772 | D:3      | 1772 ||| ENCHANTING +1 flail.
  2175 | D:3      | Reached skill level 5 in Maces & Flails
  2593 | D:3      | 2593 ||| DRINKING 2 ruby potions.
  2594 | D:3      | 2594 ||| DRINKING 2 fuming emerald potions.
  2595 | D:3      | 2595 ||| DRINKING 2 lumpy yellow potions.
  2596 | D:3      | 2596 ||| READING 3 scrolls of identify.
  2596 | D:3      | 2596 ||| IDENTIFYING golden ring
  2597 | D:3      | 2597 ||| UPGRADING to ring of resist corrosion.
  2598 | D:3      | 2598 ||| READING 2 scrolls of identify.
  2598 | D:3      | 2598 ||| IDENTIFYING encrusted marble ring
  2599 | D:3      | 2599 ||| DROPPING cursed ring of loudness.
  2600 | D:3      | 2600 ||| DROPPING potion of flight.
  2601 | D:3      | 2601 ||| DROPPING potion of brilliance.
  2602 | D:3      | 2602 ||| DROPPING potion of magic.
  2740 | D:4      | Reached XP level 5. HP: 45/45 MP: 5/5
  2849 | D:4      | Found Aregepn's Jewellery Emporium.
  2849 | D:4      | Noticed an ogre
  2855 | D:4      | Killed an ogre
  2855 | D:4      | Reached skill level 6 in Maces & Flails
  2855 | D:4      | Reached XP level 6. HP: 51/51 MP: 6/6
  2875 | D:4      | Bought a +1 ring of evasion for 36 gold pieces
  2875 | D:4      | 2875 ||| SHOPLISTING amulet of faith (480 gold, have 165).
  2875 | D:4      | 2875 ||| SHOPLISTING +5 ring of strength (494 gold, have 165).
  2875 | D:4      | 2875 ||| SHOPLISTING amulet of guardian spirit (360 gold, have 165).
  2875 | D:4      | 2875 ||| SHOPLISTING ring of ice (300 gold, have 165).
  2875 | D:4      | 2875 ||| SHOPLISTING cursed ring of Sudari {rF+ AC-2 Str+4} (226 gold, have 165).
  2875 | D:4      | 2875 ||| SHOPLISTING cursed ring of the Skies Above {rElec AC-3 SInv} (176 gold, have 165).
  3240 | D:4      | Reached skill level 7 in Maces & Flails
  3521 | D:4      | 3521 ||| UPGRADING to +1 ring of evasion.
  3522 | D:4      | 3522 ||| READING scroll labeled BODYBU YBBEU.
  3523 | D:4      | 3523 ||| DRINKING 2 coppery potions.
  3524 | D:4      | 3524 ||| DRINKING 2 inky potions.
  3525 | D:4      | 3525 ||| DROPPING potion of agility.
  3572 | D:5      | Entered Level 5 of the Dungeon
  3581 | D:5      | 3581 ||| Stepping ~*~*~tactically~*~*~ (outnumbered).
  3583 | D:5      | 3583 ||| Stepping ~*~*~tactically~*~*~ (outnumbered).
  3585 | D:5      | HP: 12/52 [orc wizard/dagger (2)]
  3586 | D:5      | 3586 ||| READING scroll of teleportation.
  3587 | D:5      | 3587 ||| DRINKING potion of heal wounds.
  3588 | D:5      | Your scales start taking on a dull iron-grey colour.
  3588 | D:5      | Reached XP level 7. HP: 34/59 MP: 7/7
  3588 | D:5      | Gained mutation: You can survive without breathing. [Grey Draconian growth]
  3589 | D:5      | 3589 ||| Stepping ~*~*~tactically~*~*~ (outnumbered).
  3726 | D:5      | 3726 ||| READING 3 scrolls of enchant weapon.
  3726 | D:5      | 3726 ||| ENCHANTING +2 flail.
  3727 | D:5      | 3727 ||| READING 2 scrolls of enchant weapon.
  3727 | D:5      | 3727 ||| ENCHANTING +3 flail.
  3728 | D:5      | 3728 ||| READING scroll of enchant weapon.
  3728 | D:5      | 3728 ||| ENCHANTING +4 flail.
  3869 | D:5      | Reached skill level 8 in Maces & Flails
  4305 | D:5      | Noticed Edmund
  4324 | D:5      | Killed Edmund
  4330 | D:5      | Found Ninan's Magic Scroll Emporium.
  4340 | D:5      | 4340 ||| SHOPLISTING 2 scrolls of recharging (247 gold, have 216).
  4340 | D:5      | Bought a scroll of teleportation for 39 gold pieces
  4340 | D:5      | Bought a scroll of identify for 26 gold pieces
  4340 | D:5      | Bought a scroll of remove curse for 39 gold pieces
  4340 | D:5      | Bought a scroll of remove curse for 39 gold pieces
  4340 | D:5      | Bought a scroll of remove curse for 39 gold pieces
  4489 | D:5      | Found a staircase to the Ecumenical Temple.
  4496 | D:5      | Found a faded altar of an unknown god.
  4510 | Temple   | Entered the Ecumenical Temple
  4511 | Temple   | 4511 ||| Entered T.
  4526 | Temple   | Became a worshipper of Cheibriados the Contemplative
  4728 | Temple   | 4728 ||| READING scroll labeled SUTITA BEIM.
  4729 | Temple   | 4729 ||| READING 3 scrolls of identify.
  4729 | Temple   | 4729 ||| IDENTIFYING golden potion
  4730 | Temple   | 4730 ||| READING 2 scrolls of identify.
  4730 | Temple   | 4730 ||| IDENTIFYING sedimented dark potion
  4731 | Temple   | 4731 ||| DROPPING potion of lignification.
  4783 | D:5      | Reached XP level 8. HP: 69/69 MP: 8/8
  4818 | D:5      | 4818 ||| SWAPPING to glowing whip.
  4819 | D:5      | 4819 ||| SWAPPING to +5 flail.
  4820 | D:5      | 4820 ||| DROPPING +3 whip.
  4930 | D:5      | Found Komeacw's Weapon Emporium.
  4957 | D:6      | 4957 ||| STAIRDANCE
  5011 | D:6      | HP: 16/69 [gnoll sergeant/trident of protection (4)]
  5012 | D:6      | 5012 ||| READING scroll of teleportation.
  5012 | D:6      | HP: 5/69 [gnoll sergeant/trident of protection (4)]
  5012 | D:6      | Slain by a gnoll

Vault maps used:
D:1:      matt_arrival_grand_opening
D:2:      lemuel_blue_sif_altar, minitemple
D:3:      first_bread, nemelex_lonely_heart_becter
D:4:      serial_shops, shop
D:5:      nicolae_temple_entry_ecumenical,
          nicolae_ossuary_entry_false_entrances, serial_shops, shop,
          kennysheep_mini, uniq_edmund
D:6:      trog_wizard
Temple:   oiseaux_autumnal_temple

Skill      XL: |  1  2  3  4  5  6  7 |
---------------+----------------------+-----
Maces & Flails | 3 4 5 6 7 8 |  8.4
Fighting       | 4 5 |  5.4
Shields        | 4 |  4.0
Dodging        | |  2.6

Action                   |  1- 3 |  4- 6 |  7- 9 || total
-------------------------+-------+-------+-------++-------
Melee: Flail             |    83 |   115 |   112 ||   310
       Tailslap          |     6 |    13 |    12 ||    31
Throw: Tomahawk          |    37 |    52 |    16 ||   105
  Use: Scroll            |     3 |     9 |     7 ||    19
       Potion            |       |     6 |       ||     6
  Eat: Chunk             |     2 |     7 |     4 ||    13
Armor: Skin              |    19 |    19 |    39 ||    77
Dodge: Dodged            |    31 |    52 |    39 ||   122
Block: Shield            |    30 |    46 |    45 ||   121
